 Dungeon Crawl Stone Soup version 0.18.1-5-g4a78601 (webtiles) character file.

92 oplop the Changer (level 4, -1/28 HPs)
             Began as an Octopode Transmuter on May 9, 2016.
             Slain by an orc
             ... wielding a +1 flail of distortion
              (7 damage)
             ... on level 3 of the Dungeon.
             The game lasted 00:03:06 (2649 turns).

oplop the Changer (Octopode Transmuter)             Turns: 2649, Time: 00:03:06

Health: -1/28      AC:  1    Str:  9    XL:     4   Next: 60%
Magic:  2/7        EV: 12    Int: 16    God:
Gold:   79         SH:  0    Dex: 12    Spells: 3 memorised, 2 levels left

rFire  . . .     SeeInvis .       - Unarmed
rCold  . . .     Gourm    .     (no shield)
rNeg   . . .     Faith    .     (helmet restricted)
rPois  .         Spirit   .     (no amulet)
rElec  .         Dismiss  .     (no ring)
rCorr  .         Reflect  .     (no ring)
SustAt .         Harm     .     (no ring)
MR     .....                    (no ring)
Stlth  ++........               (no ring)
                                (no ring)
                                (no ring)
                                (no ring)

@: very slightly contaminated, not resistant to hostile enchantments, unstealthy
A: almost no armour, amphibious, 8 rings, constrict 8, camouflage 1, gelatinous
body 1
a: no special abilities


You were on level 3 of the Dungeon.
You were not hungry.

You visited 1 branch of the dungeon, and saw 3 of its levels.

You collected 79 gold pieces.

Inventory:

Missiles
 a - 52 arrows
Scrolls
 d - 3 scrolls of identify {unknown}
 e - a scroll of magic mapping {unknown}
 g - a scroll of amnesia {unknown}
 i - 2 scrolls of blinking {unknown}
 j - a scroll of teleportation {unknown}
 k - 2 scrolls of remove curse {unknown}
Potions
 f - a potion of curing
 l - a potion of mutation {unknown}
 m - a potion of haste {unknown}
 n - a potion of brilliance {unknown}
 o - a potion of might {unknown}
 p - a potion of agility {unknown}
 r - a potion of invisibility {unknown}
Books
 b - a book of Changes

   Spells                             Type                      Level
   a - Beastly Appendage              Transmutation                1
   b - Sticks to Snakes               Transmutation                2
   c - Spider Form                    Transmutation/Poison         3
   d - Ice Form                       Ice/Transmutation            4
   e - Blade Hands                    Transmutation                5
Comestibles
 c - 5 bread rations
 h - 5 fruits
 q - a slice of pizza
 s - 4 chunks of flesh


   Skills:
 + Level 1.4 Fighting
 + Level 2.5 Dodging
 + Level 3.2 Unarmed Combat
 + Level 2.5 Spellcasting
 * Level 3.5 Transmutations


You had 2 spell levels left.
You knew the following spells:

 Your Spells              Type           Power        Failure   Level  Hunger
a - Beastly Appendage     Trmt           ##....       6%          1    #......
b - Sticks to Snakes      Trmt           ##......     10%         2    ##.....
c - Spider Form           Trmt/Pois      #.........   34%         3    ###....


Dungeon Overview and Level Annotations

Branches:
Dungeon (3/15)

Altars:
Nemelex Xobeh

Annotations:
D:2 Crazy Yiuf


Innate Abilities, Weirdness & Mutations

You cannot wear most types of armour.
You are amphibious.
You can wear up to eight rings at the same time.
You can use your tentacles to constrict eight enemies at once.
Your skin changes colour to match your surroundings (Stealth).
Your rubbery body absorbs attacks (AC +1).


Message History

The orc shouts!
The orc throws a tomahawk.
The tomahawk misses you.
You see here a tomahawk.
The orc throws a tomahawk.
The tomahawk misses you.
The orc shouts!
The orc throws a tomahawk.
The tomahawk completely misses you.
An orc wizard comes into view. It is wielding a dagger.
Your transformation has ended.
You closely miss the orc.
The orc wizard shouts!
Your grab misses the orc.
The orc hits you with a flail of distortion!
Space bends around you.
You tentacle-slap the orc. You grab the orc.
The orc is moderately wounded.
You constrict the orc.
The orc hits you with a flail of distortion!
* * * LOW HITPOINT WARNING * * *
Space bends around you.
You die...

#.# #.#......###..# #.#
#.#.......##..###### ##.##
#.###.o##..........# #...#
##.....#####..####.# #...####
####..#####..# #.# .......#
#.o...(<..# #.# ##.###.#
##...<....## #.# ##.###.#
##<.oo.##### ###.## ##.##..#
##....@..## ##.#..#
##.#...####.........####...#.####
##........'.........'.....)......
##.#...####.....((..####...#.####
##.##..# ##.......## ##.##.#
.......# ##.....## ####)#
##.##### ##...## ##.## #.# ##'##
##...## #.# #.# #..)(.#


You could see an orc wizard and 3 orcs.

Vanquished Creatures
  2 adders (D:3)
  An ooze (D:1)
  A worm (D:3)
  3 dart slugs (D:2)
  3 giant geckos
  5 orcs (D:3)
  A ball python (D:3)
  5 bats
  A giant cockroach (D:2)
  3 hobgoblins
  8 jackals
  A quokka (D:2)
  3 giant newts
  3 goblins
  6 kobolds
  5 rats
51 creatures vanquished.

Notes
Turn   | Place    | Note
--------------------------------------------------------------
     0 | D:1      | oplop the Octopode Transmuter began the quest for the Orb.
     0 | D:1      | Reached XP level 1. HP: 13/13 MP: 3/3
   180 | D:1      | Reached XP level 2. HP: 18/18 MP: 5/5
   503 | D:2      | Learned a level 2 spell: Sticks to Snakes
   743 | D:2      | Reached XP level 3. HP: 22/23 MP: 6/6
  1445 | D:2      | Noticed Crazy Yiuf
  1783 | D:3      | Learned a level 3 spell: Spider Form
  1809 | D:3      | Found a faded altar to an unknown god.
  2038 | D:3      | Reached XP level 4. HP: 26/28 MP: 7/7
  2445 | D:3      | Found a sparkling altar of Nemelex Xobeh.
  2649 | D:3      | Slain by an orc

Skill      XL: |  1  2  3 |
---------------+----------+-----
Transmutations | 3 |  3.5
Fighting       | |  1.4
Dodging        | |  2.5
Unarmed Combat | |  3.2
Spellcasting   | |  2.5

Action                   |  1- 3 |  4- 6 || total
-------------------------+-------+-------++-------
Melee: Unarmed           |    67 |    47 ||   114
       Constrict         |    17 |     4 ||    21
       Tentacles         |    15 |     2 ||    17
       Kick              |     6 |     1 ||     7
 Cast: Beastly Appendage |    16 |     3 ||    19
       Spider Form       |       |     3 ||     3
  Use: Potion            |     1 |       ||     1
 Stab: Sleeping          |     4 |     1 ||     5
  Eat: Chunk             |     3 |     3 ||     6
Armor: Skin              |     5 |    11 ||    16
Dodge: Dodged            |    23 |    36 ||    59
